Workbook

Sheet START HERE
A1: VERTEX STRATEGIC FINANCE
A2: Dental Clinic Financial KPI Scorecard
B4: A simple monthly financial dashboard for independent dental clinic owners.
B6: WHAT THIS TOOL DOES
B7: The Dental Clinic Financial KPI Scorecard helps clinic owners track the financial drivers of their practice, identify trends, and spot potential issues before they become larger problems. It turns the numbers you already have into a short list of measures you can review in a few minutes each month.
B9: HOW TO USE IT
B10: 1. Enter monthly financial information into the Monthly Input tab.
B11: 2. The KPI calculations update automatically.
B12: 3. Review the Dashboard each month.
B13: 4. Focus on trends rather than any single month's result.
B15: This workbook arrives pre-loaded with twelve months of fictional sample data so you can see how everything works. To use it for your own clinic, type over the shaded entry cells on the Monthly Input tab. Shaded cells are yours to fill in; every other cell calculates itself.
B17: QUESTIONS THIS SCORECARD HELPS ANSWER
B18: • Is revenue growing?
B19: • Are payroll costs growing faster than revenue?
... B41: info@vertexstrategicfinance.ca

Sheet MONTHLY INPUT
A1: VERTEX STRATEGIC FINANCE
A2: Monthly Input — enter one column per month
A4: Type your numbers into the shaded cells. Bold rows in grey are calculated for you — leave them alone. All figures in $ CAD unless the row says otherwise.
A5: Enter here | B5: Calculated
A7: Line Item | B7: Jan | C7: Feb | D7: Mar | E7: Apr | F7: May | G7: Jun | H7: Jul | I7: Aug | J7: Sep | K7: Oct | L7: Nov | M7: Dec
A8: REVENUE
A9: Total Clinic Revenue | B9: =SUM(B10:B12) -> 162000 | C9: =SUM(C10:C12) -> 168000 | D9: =SUM(D10:D12) -> 181000 | E9: =SUM(E10:E12) -> 176000 | F9: =SUM(F10:F12) -> 185000 | G9: =SUM(G10:G12) -> 179000 | H9: =SUM(H10:H12) -> 158000 | I9: =SUM(I10:I12) -> 166000 | ... M9: =SUM(M10:M12) -> 205000
A10: Dentist Revenue | B10: 111000 | C10: 115100 | D10: 124000 | E10: 120600 | F10: 126700 | G10: 122600 | H10: 108200 | I10: 113700 | J10: 131500 | K10: 135600 | L10: 127400 | M10: 140400
A11: Hygiene Revenue | B11: 44600 | C11: 46200 | D11: 49800 | E11: 48400 | F11: 50900 | G11: 49200 | H11: 43400 | I11: 45700 | J11: 52800 | K11: 54500 | L11: 51200 | M11: 56400
A12: Other Revenue | B12: 6400 | C12: 6700 | D12: 7200 | E12: 7000 | F12: 7400 | G12: 7200 | H12: 6400 | I12: 6600 | J12: 7700 | K12: 7900 | L12: 7400 | M12: 8200
A14: CLINIC ACTIVITY
A15: Number of Dentists (FTE) | B15: 2 | C15: 2 | D15: 2 | E15: 2 | F15: 2 | G15: 2 | H15: 2 | I15: 2 | J15: 2.5 | K15: 2.5 | L15: 2.5 | M15: 2.5
A16: Number of Hygienists (FTE) | B16: 2 | C16: 2 | D16: 2 | E16: 2 | F16: 2.5 | G16: 2.5 | H16: 2.5 | I16: 2.5 | J16: 2.5 | K16: 3 | L16: 3 | M16: 3
A17: Total Patient Visits | B17: 645 | C17: 650 | D17: 725 | E17: 675 | F17: 750 | G17: 700 | H17: 600 | I17: 665 | J17: 775 | K17: 765 | L17: 735 | M17: 840
A19: DIRECT / VARIABLE COSTS
A20: Lab Costs | B20: 10350 | C20: 10450 | D20: 12050 | E20: 11400 | F20: 12550 | G20: 11700 | H20: 9700 | I20: 10500 | J20: 13150 | K20: 13300 | L20: 12000 | M20: 14300
A21: Dental Supplies | B21: 8900 | C21: 9400 | D21: 9750 | E21: 9950 | F21: 10300 | G21: 9750 | H21: 9050 | I21: 9300 | J21: 10250 | K21: 10900 | L21: 10550 | M21: 10800
A22: Total Direct Costs | B22: =SUM(B20:B21) -> 19250 | C22: =SUM(C20:C21) -> 19850 | D22: =SUM(D20:D21) -> 21800 | E22: =SUM(E20:E21) -> 21350 | F22: =SUM(F20:F21) -> 22850 | G22: =SUM(G20:G21) -> 21450 | H22: =SUM(H20:H21) -> 18750 | I22: =SUM(I20:I21) -> 19800 | ... M22: =SUM(M20:M21) -> 25100
A24: STAFFING
A25: Dentist Compensation | B25: 46600 | C25: 48300 | D25: 52100 | E25: 50700 | F25: 53200 | G25: 51500 | H25: 45400 | I25: 47800 | J25: 55200 | K25: 57000 | L25: 53500 | M25: 59000
A26: Hygienist Compensation | B26: 16400 | C26: 16400 | D26: 16400 | E26: 16400 | F26: 20500 | G26: 20500 | H26: 20500 | I26: 20500 | J26: 20500 | K26: 24600 | L26: 24600 | M26: 24600
A27: Other Clinical Payroll | B27: 11500 | C27: 11500 | D27: 11500 | E27: 11500 | F27: 11800 | G27: 11800 | H27: 11800 | I27: 11800 | J27: 12300 | K27: 12300 | L27: 12300 | M27: 12300
A28: Administrative Payroll | B28: 8200 | C28: 8200 | D28: 8200 | E28: 8200 | F28: 8200 | G28: 8200 | H28: 8400 | I28: 8400 | J28: 8900 | K28: 8900 | L28: 8900 | M28: 8900
A29: Payroll Taxes & Benefits | B29: 9100 | C29: 9300 | D29: 9700 | E29: 9550 | F29: 10300 | G29: 10100 | H29: 9450 | I29: 9750 | J29: 10650 | K29: 11300 | L29: 10900 | M29: 11550
A30: Total Payroll & Benefits | B30: =SUM(B25:B29) -> 91800 | C30: =SUM(C25:C29) -> 93700 | D30: =SUM(D25:D29) -> 97900 | E30: =SUM(E25:E29) -> 96350 | F30: =SUM(F25:F29) -> 104000 | G30: =SUM(G25:G29) -> 102100 | H30: =SUM(H25:H29) -> 95550 | I30: =SUM(I25:I29) -> 98250 | ... M30: =SUM(M25:M29) -> 116350
A32: OPERATING EXPENSES
A33: Rent / Occupancy | B33: 11500 | C33: 11500 | D33: 11500 | E33: 11500 | F33: 11500 | G33: 11500 | H33: 11500 | I33: 11500 | J33: 11500 | K33: 11500 | L33: 11500 | M33: 11500
A34: Marketing | B34: 2500 | C34: 2200 | D34: 3000 | E34: 2800 | F34: 2600 | G34: 2400 | H34: 1800 | I34: 3200 | J34: 3500 | K34: 3000 | L34: 2600 | M34: 2200
A35: Software / Technology | B35: 1450 | C35: 1450 | D35: 1450 | E35: 1450 | F35: 1450 | G35: 1450 | H35: 1450 | I35: 1450 | J35: 1450 | K35: 1450 | L35: 1450 | M35: 1450
A36: Insurance | B36: 950 | C36: 950 | D36: 950 | E36: 950 | F36: 950 | G36: 950 | H36: 950 | I36: 950 | J36: 950 | K36: 950 | L36: 950 | M36: 950
A37: Professional Fees | B37: 1200 | C37: 850 | D37: 850 | E37: 2400 | F37: 850 | G37: 850 | H37: 850 | I37: 850 | J37: 1600 | K37: 850 | L37: 850 | M37: 1500
A38: Repairs & Maintenance | B38: 600 | C38: 1800 | D38: 450 | E38: 900 | F38: 3200 | G38: 700 | H38: 500 | I38: 1100 | J38: 600 | K38: 2500 | L38: 700 | M38: 900
A39: Other Operating Expenses | B39: 1500 | C39: 1400 | D39: 1600 | E39: 1550 | F39: 1700 | G39: 1450 | H39: 1300 | I39: 1500 | J39: 1750 | K39: 1800 | L39: 1650 | M39: 1500
A40: Total Operating Expenses | B40: =SUM(B33:B39) -> 19700 | C40: =SUM(C33:C39) -> 20150 | D40: =SUM(D33:D39) -> 19800 | E40: =SUM(E33:E39) -> 21550 | F40: =SUM(F33:F39) -> 22250 | G40: =SUM(G33:G39) -> 19300 | H40: =SUM(H33:H39) -> 18350 | I40: =SUM(I33:I39) -> 20550 | ... M40: =SUM(M33:M39) -> 20000
A42: WORKING CAPITAL
A43: Accounts Receivable | B43: 44000 | C43: 46500 | D43: 52000 | E43: 49500 | F43: 53500 | G43: 51000 | H43: 47000 | I43: 48500 | J43: 58000 | K43: 60500 | L43: 57000 | M43: 61500
A44: Cash Balance | B44: 86000 | C44: 92000 | D44: 101000 | E44: 108000 | F44: 117000 | G44: 124000 | H44: 119000 | I44: 126000 | J44: 133000 | K44: 146000 | L44: 154000 | M44: 171000
A46: Sample data: the figures above are fictional and are provided to illustrate how the workbook behaves. They are not benchmarks and do not describe any real clinic.

Sheet KPI SCORECARD
A1: VERTEX STRATEGIC FINANCE
A2: KPI Scorecard — calculated automatically from the Monthly Input tab
A4: Reporting month # | B4: =MAX(1,SUMPRODUCT(MAX(('MONTHLY INPUT'!$B$9:$M$9<>0)*COLUMN('MONTHLY INPUT'!$B$9:$M$9)))-1) -> 12 | C4: =INDEX('MONTHLY INPUT'!$B$7:$M$7,$B$4) -> Dec
A5: Targets are user-defined goals, not industry benchmarks. Enter a target in the shaded column, pick whether higher or lower is better, and the vs Target column will report where the latest month stands.
A7: KPI | B7: My Target | C7: Better When | D7: Jan | E7: Feb | F7: Mar | G7: Apr | H7: May | I7: Jun | J7: Jul | K7: Aug | L7: Sep | M7: Oct | N7: Nov | O7: Dec | P7: Latest | Q7: Prior | R7: Change | S7: YTD / Avg | T7: vs Target
A8: GROWTH & REVENUE
A9: Total Revenue | C9: Higher | D9: ='MONTHLY INPUT'!B9 -> 162000 | E9: ='MONTHLY INPUT'!C9 -> 168000 | F9: ='MONTHLY INPUT'!D9 -> 181000 | G9: ='MONTHLY INPUT'!E9 -> 176000 | H9: ='MONTHLY INPUT'!F9 -> 185000 | I9: ='MONTHLY INPUT'!G9 -> 179000 | J9: ='MONTHLY INPUT'!H9 -> 158000 | K9: ='MONTHLY INPUT'!I9 -> 166000 | ... O9: ='MONTHLY INPUT'!M9 -> 205000 | P9: =IFERROR(INDEX($D9:$O9,$B$4),"") -> 205000 | Q9: =IF($B$4<=1,"",IFERROR(INDEX($D9:$O9,$B$4-1),"")) -> 186000 | R9: =IFERROR($P9-$Q9,"") -> 19000 | S9: =IFERROR(SUM($D9:$O9),"") -> 2156000 | T9: =IF($B9="","",IF($P9="","",IF(OR(AND($C9="Higher",$P9>=$B9),AND($C9="Lower",$P9<=$B9)),"On target","Off target")))
A10: Month-over-Month Revenue Growth % | C10: Higher | E10: =IFERROR(IF(D9=0,"",E9/D9-1),"") -> 0.037037037 | F10: =IFERROR(IF(E9=0,"",F9/E9-1),"") -> 0.077380952 | G10: =IFERROR(IF(F9=0,"",G9/F9-1),"") -> -0.027624309 | H10: =IFERROR(IF(G9=0,"",H9/G9-1),"") -> 0.051136364 | I10: =IFERROR(IF(H9=0,"",I9/H9-1),"") -> -0.032432432 | J10: =IFERROR(IF(I9=0,"",J9/I9-1),"") -> -0.11731844 | K10: =IFERROR(IF(J9=0,"",K9/J9-1),"") -> 0.050632911 | L10: =IFERROR(IF(K9=0,"",L9/K9-1),"") -> 0.15662651 | ... O10: =IFERROR(IF(N9=0,"",O9/N9-1),"") -> 0.10215054 | P10: =IFERROR(INDEX($D10:$O10,$B$4),"") -> 0.10215054 | Q10: =IF($B$4<=1,"",IFERROR(INDEX($D10:$O10,$B$4-1),"")) -> -0.060606061 | R10: =IFERROR($P10-$Q10,"") -> 0.1627566 | S10: =IFERROR(AVERAGE($D10:$O10),"") -> 0.024384825 | T10: =IF($B10="","",IF($P10="","",IF(OR(AND($C10="Higher",$P10>=$B10),AND($C10="Lower",$P10<=$B10)),"On target","Off target")))
A11: Revenue per Dentist | C11: Higher | D11: =IFERROR('MONTHLY INPUT'!B10/'MONTHLY INPUT'!B15,"") -> 55500 | E11: =IFERROR('MONTHLY INPUT'!C10/'MONTHLY INPUT'!C15,"") -> 57550 | F11: =IFERROR('MONTHLY INPUT'!D10/'MONTHLY INPUT'!D15,"") -> 62000 | G11: =IFERROR('MONTHLY INPUT'!E10/'MONTHLY INPUT'!E15,"") -> 60300 | H11: =IFERROR('MONTHLY INPUT'!F10/'MONTHLY INPUT'!F15,"") -> 63350 | I11: =IFERROR('MONTHLY INPUT'!G10/'MONTHLY INPUT'!G15,"") -> 61300 | J11: =IFERROR('MONTHLY INPUT'!H10/'MONTHLY INPUT'!H15,"") -> 54100 | K11: =IFERROR('MONTHLY INPUT'!I10/'MONTHLY INPUT'!I15,"") -> 56850 | ... O11: =IFERROR('MONTHLY INPUT'!M10/'MONTHLY INPUT'!M15,"") -> 56160 | P11: =IFERROR(INDEX($D11:$O11,$B$4),"") -> 56160 | Q11: =IF($B$4<=1,"",IFERROR(INDEX($D11:$O11,$B$4-1),"")) -> 50960 | R11: =IFERROR($P11-$Q11,"") -> 5200 | S11: =IFERROR(AVERAGE($D11:$O11),"") -> 57075.833 | T11: =IF($B11="","",IF($P11="","",IF(OR(AND($C11="Higher",$P11>=$B11),AND($C11="Lower",$P11<=$B11)),"On target","Off target")))
A12: Revenue per Hygienist | C12: Higher | D12: =IFERROR('MONTHLY INPUT'!B11/'MONTHLY INPUT'!B16,"") -> 22300 | E12: =IFERROR('MONTHLY INPUT'!C11/'MONTHLY INPUT'!C16,"") -> 23100 | F12: =IFERROR('MONTHLY INPUT'!D11/'MONTHLY INPUT'!D16,"") -> 24900 | G12: =IFERROR('MONTHLY INPUT'!E11/'MONTHLY INPUT'!E16,"") -> 24200 | H12: =IFERROR('MONTHLY INPUT'!F11/'MONTHLY INPUT'!F16,"") -> 20360 | I12: =IFERROR('MONTHLY INPUT'!G11/'MONTHLY INPUT'!G16,"") -> 19680 | J12: =IFERROR('MONTHLY INPUT'!H11/'MONTHLY INPUT'!H16,"") -> 17360 | K12: =IFERROR('MONTHLY INPUT'!I11/'MONTHLY INPUT'!I16,"") -> 18280 | ... O12: =IFERROR('MONTHLY INPUT'!M11/'MONTHLY INPUT'!M16,"") -> 18800 | P12: =IFERROR(INDEX($D12:$O12,$B$4),"") -> 18800 | Q12: =IF($B$4<=1,"",IFERROR(INDEX($D12:$O12,$B$4-1),"")) -> 17066.667 | R12: =IFERROR($P12-$Q12,"") -> 1733.3333 | S12: =IFERROR(AVERAGE($D12:$O12),"") -> 20444.444 | T12: =IF($B12="","",IF($P12="","",IF(OR(AND($C12="Higher",$P12>=$B12),AND($C12="Lower",$P12<=$B12)),"On target","Off target")))
A13: Revenue per Patient Visit | C13: Higher | D13: =IFERROR('MONTHLY INPUT'!B9/'MONTHLY INPUT'!B17,"") -> 251.16279 | E13: =IFERROR('MONTHLY INPUT'!C9/'MONTHLY INPUT'!C17,"") -> 258.46154 | F13: =IFERROR('MONTHLY INPUT'!D9/'MONTHLY INPUT'!D17,"") -> 249.65517 | G13: =IFERROR('MONTHLY INPUT'!E9/'MONTHLY INPUT'!E17,"") -> 260.74074 | H13: =IFERROR('MONTHLY INPUT'!F9/'MONTHLY INPUT'!F17,"") -> 246.66667 | I13: =IFERROR('MONTHLY INPUT'!G9/'MONTHLY INPUT'!G17,"") -> 255.71429 | J13: =IFERROR('MONTHLY INPUT'!H9/'MONTHLY INPUT'!H17,"") -> 263.33333 | K13: =IFERROR('MONTHLY INPUT'!I9/'MONTHLY INPUT'!I17,"") -> 249.62406 | ... O13: =IFERROR('MONTHLY INPUT'!M9/'MONTHLY INPUT'!M17,"") -> 244.04762 | P13: =IFERROR(INDEX($D13:$O13,$B$4),"") -> 244.04762 | Q13: =IF($B$4<=1,"",IFERROR(INDEX($D13:$O13,$B$4-1),"")) -> 253.06122 | R13: =IFERROR($P13-$Q13,"") -> -9.0136054 | S13: =IFERROR(AVERAGE($D13:$O13),"") -> 253.25274 | T13: =IF($B13="","",IF($P13="","",IF(OR(AND($C13="Higher",$P13>=$B13),AND($C13="Lower",$P13<=$B13)),"On target","Off target")))
A15: COST MANAGEMENT
A16: Total Clinical Payroll % of Revenue | C16: Lower | D16: =IFERROR(SUM('MONTHLY INPUT'!B25:B27)/'MONTHLY INPUT'!B9,"") -> 0.45987654 | E16: =IFERROR(SUM('MONTHLY INPUT'!C25:C27)/'MONTHLY INPUT'!C9,"") -> 0.45357143 | F16: =IFERROR(SUM('MONTHLY INPUT'!D25:D27)/'MONTHLY INPUT'!D9,"") -> 0.44198895 | G16: =IFERROR(SUM('MONTHLY INPUT'!E25:E27)/'MONTHLY INPUT'!E9,"") -> 0.44659091 | H16: =IFERROR(SUM('MONTHLY INPUT'!F25:F27)/'MONTHLY INPUT'!F9,"") -> 0.46216216 | I16: =IFERROR(SUM('MONTHLY INPUT'!G25:G27)/'MONTHLY INPUT'!G9,"") -> 0.46815642 | J16: =IFERROR(SUM('MONTHLY INPUT'!H25:H27)/'MONTHLY INPUT'!H9,"") -> 0.49177215 | K16: =IFERROR(SUM('MONTHLY INPUT'!I25:I27)/'MONTHLY INPUT'!I9,"") -> 0.48253012 | ... O16: =IFERROR(SUM('MONTHLY INPUT'!M25:M27)/'MONTHLY INPUT'!M9,"") -> 0.46780488 | P16: =IFERROR(INDEX($D16:$O16,$B$4),"") -> 0.46780488 | Q16: =IF($B$4<=1,"",IFERROR(INDEX($D16:$O16,$B$4-1),"")) -> 0.48602151 | R16: =IFERROR($P16-$Q16,"") -> -0.018216627 | S16: =IFERROR(SUM('MONTHLY INPUT'!$B$25:$M$27)/$S$9,"") -> 0.46595547 | T16: =IF($B16="","",IF($P16="","",IF(OR(AND($C16="Higher",$P16>=$B16),AND($C16="Lower",$P16<=$B16)),"On target","Off target")))
A17: Total Payroll & Benefits % of Revenue | C17: Lower | D17: =IFERROR('MONTHLY INPUT'!B30/'MONTHLY INPUT'!B9,"") -> 0.56666667 | E17: =IFERROR('MONTHLY INPUT'!C30/'MONTHLY INPUT'!C9,"") -> 0.5577381 | F17: =IFERROR('MONTHLY INPUT'!D30/'MONTHLY INPUT'!D9,"") -> 0.54088398 | G17: =IFERROR('MONTHLY INPUT'!E30/'MONTHLY INPUT'!E9,"") -> 0.54744318 | H17: =IFERROR('MONTHLY INPUT'!F30/'MONTHLY INPUT'!F9,"") -> 0.56216216 | I17: =IFERROR('MONTHLY INPUT'!G30/'MONTHLY INPUT'!G9,"") -> 0.57039106 | J17: =IFERROR('MONTHLY INPUT'!H30/'MONTHLY INPUT'!H9,"") -> 0.60474684 | K17: =IFERROR('MONTHLY INPUT'!I30/'MONTHLY INPUT'!I9,"") -> 0.59186747 | ... O17: =IFERROR('MONTHLY INPUT'!M30/'MONTHLY INPUT'!M9,"") -> 0.56756098 | P17: =IFERROR(INDEX($D17:$O17,$B$4),"") -> 0.56756098 | Q17: =IF($B$4<=1,"",IFERROR(INDEX($D17:$O17,$B$4-1),"")) -> 0.59247312 | R17: =IFERROR($P17-$Q17,"") -> -0.024912143 | S17: =IFERROR(SUM('MONTHLY INPUT'!$B$30:$M$30)/$S$9,"") -> 0.56950371 | T17: =IF($B17="","",IF($P17="","",IF(OR(AND($C17="Higher",$P17>=$B17),AND($C17="Lower",$P17<=$B17)),"On target","Off target")))
A18: Lab Costs % of Revenue | C18: Lower | D18: =IFERROR('MONTHLY INPUT'!B20/'MONTHLY INPUT'!B9,"") -> 0.063888889 | E18: =IFERROR('MONTHLY INPUT'!C20/'MONTHLY INPUT'!C9,"") -> 0.062202381 | F18: =IFERROR('MONTHLY INPUT'!D20/'MONTHLY INPUT'!D9,"") -> 0.066574586 | G18: =IFERROR('MONTHLY INPUT'!E20/'MONTHLY INPUT'!E9,"") -> 0.064772727 | H18: =IFERROR('MONTHLY INPUT'!F20/'MONTHLY INPUT'!F9,"") -> 0.067837838 | I18: =IFERROR('MONTHLY INPUT'!G20/'MONTHLY INPUT'!G9,"") -> 0.065363128 | J18: =IFERROR('MONTHLY INPUT'!H20/'MONTHLY INPUT'!H9,"") -> 0.061392405 | K18: =IFERROR('MONTHLY INPUT'!I20/'MONTHLY INPUT'!I9,"") -> 0.063253012 | ... O18: =IFERROR('MONTHLY INPUT'!M20/'MONTHLY INPUT'!M9,"") -> 0.069756098 | P18: =IFERROR(INDEX($D18:$O18,$B$4),"") -> 0.069756098 | Q18: =IF($B$4<=1,"",IFERROR(INDEX($D18:$O18,$B$4-1),"")) -> 0.064516129 | R18: =IFERROR($P18-$Q18,"") -> 0.0052399685 | S18: =IFERROR(SUM('MONTHLY INPUT'!$B$20:$M$20)/$S$9,"") -> 0.065607607 | T18: =IF($B18="","",IF($P18="","",IF(OR(AND($C18="Higher",$P18>=$B18),AND($C18="Lower",$P18<=$B18)),"On target","Off target")))
A19: Dental Supplies % of Revenue | C19: Lower | D19: =IFERROR('MONTHLY INPUT'!B21/'MONTHLY INPUT'!B9,"") -> 0.054938272 | E19: =IFERROR('MONTHLY INPUT'!C21/'MONTHLY INPUT'!C9,"") -> 0.055952381 | F19: =IFERROR('MONTHLY INPUT'!D21/'MONTHLY INPUT'!D9,"") -> 0.053867403 | G19: =IFERROR('MONTHLY INPUT'!E21/'MONTHLY INPUT'!E9,"") -> 0.056534091 | H19: =IFERROR('MONTHLY INPUT'!F21/'MONTHLY INPUT'!F9,"") -> 0.055675676 | I19: =IFERROR('MONTHLY INPUT'!G21/'MONTHLY INPUT'!G9,"") -> 0.054469274 | J19: =IFERROR('MONTHLY INPUT'!H21/'MONTHLY INPUT'!H9,"") -> 0.057278481 | K19: =IFERROR('MONTHLY INPUT'!I21/'MONTHLY INPUT'!I9,"") -> 0.056024096 | ... O19: =IFERROR('MONTHLY INPUT'!M21/'MONTHLY INPUT'!M9,"") -> 0.052682927 | P19: =IFERROR(INDEX($D19:$O19,$B$4),"") -> 0.052682927 | Q19: =IF($B$4<=1,"",IFERROR(INDEX($D19:$O19,$B$4-1),"")) -> 0.05672043 | R19: =IFERROR($P19-$Q19,"") -> -0.0040375033 | S19: =IFERROR(SUM('MONTHLY INPUT'!$B$21:$M$21)/$S$9,"") -> 0.055148423 | T19: =IF($B19="","",IF($P19="","",IF(OR(AND($C19="Higher",$P19>=$B19),AND($C19="Lower",$P19<=$B19)),"On target","Off target")))
A20: Occupancy Cost % of Revenue | C20: Lower | D20: =IFERROR('MONTHLY INPUT'!B33/'MONTHLY INPUT'!B9,"") -> 0.070987654 | E20: =IFERROR('MONTHLY INPUT'!C33/'MONTHLY INPUT'!C9,"") -> 0.068452381 | F20: =IFERROR('MONTHLY INPUT'!D33/'MONTHLY INPUT'!D9,"") -> 0.063535912 | G20: =IFERROR('MONTHLY INPUT'!E33/'MONTHLY INPUT'!E9,"") -> 0.065340909 | H20: =IFERROR('MONTHLY INPUT'!F33/'MONTHLY INPUT'!F9,"") -> 0.062162162 | I20: =IFERROR('MONTHLY INPUT'!G33/'MONTHLY INPUT'!G9,"") -> 0.06424581 | J20: =IFERROR('MONTHLY INPUT'!H33/'MONTHLY INPUT'!H9,"") -> 0.07278481 | K20: =IFERROR('MONTHLY INPUT'!I33/'MONTHLY INPUT'!I9,"") -> 0.069277108 | ... O20: =IFERROR('MONTHLY INPUT'!M33/'MONTHLY INPUT'!M9,"") -> 0.056097561 | P20: =IFERROR(INDEX($D20:$O20,$B$4),"") -> 0.056097561 | Q20: =IF($B$4<=1,"",IFERROR(INDEX($D20:$O20,$B$4-1),"")) -> 0.061827957 | R20: =IFERROR($P20-$Q20,"") -> -0.005730396 | S20: =IFERROR(SUM('MONTHLY INPUT'!$B$33:$M$33)/$S$9,"") -> 0.064007421 | T20: =IF($B20="","",IF($P20="","",IF(OR(AND($C20="Higher",$P20>=$B20),AND($C20="Lower",$P20<=$B20)),"On target","Off target")))
A22: PROFITABILITY
A23: Gross Contribution $ | C23: Higher | D23: =IFERROR('MONTHLY INPUT'!B9-'MONTHLY INPUT'!B22-SUM('MONTHLY INPUT'!B25:B27),"") -> 68250 | E23: =IFERROR('MONTHLY INPUT'!C9-'MONTHLY INPUT'!C22-SUM('MONTHLY INPUT'!C25:C27),"") -> 71950 | F23: =IFERROR('MONTHLY INPUT'!D9-'MONTHLY INPUT'!D22-SUM('MONTHLY INPUT'!D25:D27),"") -> 79200 | G23: =IFERROR('MONTHLY INPUT'!E9-'MONTHLY INPUT'!E22-SUM('MONTHLY INPUT'!E25:E27),"") -> 76050 | H23: =IFERROR('MONTHLY INPUT'!F9-'MONTHLY INPUT'!F22-SUM('MONTHLY INPUT'!F25:F27),"") -> 76650 | I23: =IFERROR('MONTHLY INPUT'!G9-'MONTHLY INPUT'!G22-SUM('MONTHLY INPUT'!G25:G27),"") -> 73750 | J23: =IFERROR('MONTHLY INPUT'!H9-'MONTHLY INPUT'!H22-SUM('MONTHLY INPUT'!H25:H27),"") -> 61550 | K23: =IFERROR('MONTHLY INPUT'!I9-'MONTHLY INPUT'!I22-SUM('MONTHLY INPUT'!I25:I27),"") -> 66100 | ... O23: =IFERROR('MONTHLY INPUT'!M9-'MONTHLY INPUT'!M22-SUM('MONTHLY INPUT'!M25:M27),"") -> 84000 | P23: =IFERROR(INDEX($D23:$O23,$B$4),"") -> 84000 | Q23: =IF($B$4<=1,"",IFERROR(INDEX($D23:$O23,$B$4-1),"")) -> 73050 | R23: =IFERROR($P23-$Q23,"") -> 10950 | S23: =IFERROR(SUM($D23:$O23),"") -> 891050 | T23: =IF($B23="","",IF($P23="","",IF(OR(AND($C23="Higher",$P23>=$B23),AND($C23="Lower",$P23<=$B23)),"On target","Off target")))
A24: Gross Contribution % | C24: Higher | D24: =IFERROR(D23/D9,"") -> 0.4212963 | E24: =IFERROR(E23/E9,"") -> 0.42827381 | F24: =IFERROR(F23/F9,"") -> 0.43756906 | G24: =IFERROR(G23/G9,"") -> 0.43210227 | H24: =IFERROR(H23/H9,"") -> 0.41432432 | I24: =IFERROR(I23/I9,"") -> 0.41201117 | J24: =IFERROR(J23/J9,"") -> 0.38955696 | K24: =IFERROR(K23/K9,"") -> 0.39819277 | ... O24: =IFERROR(O23/O9,"") -> 0.4097561 | P24: =IFERROR(INDEX($D24:$O24,$B$4),"") -> 0.4097561 | Q24: =IF($B$4<=1,"",IFERROR(INDEX($D24:$O24,$B$4-1),"")) -> 0.39274194 | R24: =IFERROR($P24-$Q24,"") -> 0.017014162 | S24: =IFERROR($S$23/$S$9,"") -> 0.4132885 | T24: =IF($B24="","",IF($P24="","",IF(OR(AND($C24="Higher",$P24>=$B24),AND($C24="Lower",$P24<=$B24)),"On target","Off target")))
A25: Operating Expenses | C25: Lower | D25: =IFERROR('MONTHLY INPUT'!B40+'MONTHLY INPUT'!B28+'MONTHLY INPUT'!B29,"") -> 37000 | E25: =IFERROR('MONTHLY INPUT'!C40+'MONTHLY INPUT'!C28+'MONTHLY INPUT'!C29,"") -> 37650 | F25: =IFERROR('MONTHLY INPUT'!D40+'MONTHLY INPUT'!D28+'MONTHLY INPUT'!D29,"") -> 37700 | G25: =IFERROR('MONTHLY INPUT'!E40+'MONTHLY INPUT'!E28+'MONTHLY INPUT'!E29,"") -> 39300 | H25: =IFERROR('MONTHLY INPUT'!F40+'MONTHLY INPUT'!F28+'MONTHLY INPUT'!F29,"") -> 40750 | I25: =IFERROR('MONTHLY INPUT'!G40+'MONTHLY INPUT'!G28+'MONTHLY INPUT'!G29,"") -> 37600 | J25: =IFERROR('MONTHLY INPUT'!H40+'MONTHLY INPUT'!H28+'MONTHLY INPUT'!H29,"") -> 36200 | K25: =IFERROR('MONTHLY INPUT'!I40+'MONTHLY INPUT'!I28+'MONTHLY INPUT'!I29,"") -> 38700 | ... O25: =IFERROR('MONTHLY INPUT'!M40+'MONTHLY INPUT'!M28+'MONTHLY INPUT'!M29,"") -> 40450 | P25: =IFERROR(INDEX($D25:$O25,$B$4),"") -> 40450 | Q25: =IF($B$4<=1,"",IFERROR(INDEX($D25:$O25,$B$4-1),"")) -> 39500 | R25: =IFERROR($P25-$Q25,"") -> 950 | S25: =IFERROR(SUM($D25:$O25),"") -> 468000 | T25: =IF($B25="","",IF($P25="","",IF(OR(AND($C25="Higher",$P25>=$B25),AND($C25="Lower",$P25<=$B25)),"On target","Off target")))
A26: Operating Profit $ | C26: Higher | D26: =IFERROR(D23-D25,"") -> 31250 | E26: =IFERROR(E23-E25,"") -> 34300 | F26: =IFERROR(F23-F25,"") -> 41500 | G26: =IFERROR(G23-G25,"") -> 36750 | H26: =IFERROR(H23-H25,"") -> 35900 | I26: =IFERROR(I23-I25,"") -> 36150 | J26: =IFERROR(J23-J25,"") -> 25350 | K26: =IFERROR(K23-K25,"") -> 27400 | ... O26: =IFERROR(O23-O25,"") -> 43550 | P26: =IFERROR(INDEX($D26:$O26,$B$4),"") -> 43550 | Q26: =IF($B$4<=1,"",IFERROR(INDEX($D26:$O26,$B$4-1),"")) -> 33550 | R26: =IFERROR($P26-$Q26,"") -> 10000 | S26: =IFERROR(SUM($D26:$O26),"") -> 423050 | T26: =IF($B26="","",IF($P26="","",IF(OR(AND($C26="Higher",$P26>=$B26),AND($C26="Lower",$P26<=$B26)),"On target","Off target")))
A27: Operating Margin % | C27: Higher | D27: =IFERROR(D26/D9,"") -> 0.19290123 | E27: =IFERROR(E26/E9,"") -> 0.20416667 | F27: =IFERROR(F26/F9,"") -> 0.22928177 | G27: =IFERROR(G26/G9,"") -> 0.20880682 | H27: =IFERROR(H26/H9,"") -> 0.19405405 | I27: =IFERROR(I26/I9,"") -> 0.20195531 | J27: =IFERROR(J26/J9,"") -> 0.16044304 | K27: =IFERROR(K26/K9,"") -> 0.16506024 | ... O27: =IFERROR(O26/O9,"") -> 0.21243902 | P27: =IFERROR(INDEX($D27:$O27,$B$4),"") -> 0.21243902 | Q27: =IF($B$4<=1,"",IFERROR(INDEX($D27:$O27,$B$4-1),"")) -> 0.18037634 | R27: =IFERROR($P27-$Q27,"") -> 0.03206268 | S27: =IFERROR($S$26/$S$9,"") -> 0.19621985 | T27: =IF($B27="","",IF($P27="","",IF(OR(AND($C27="Higher",$P27>=$B27),AND($C27="Lower",$P27<=$B27)),"On target","Off target")))
A29: WORKING CAPITAL / CASH
A30: Accounts Receivable | C30: Lower | D30: ='MONTHLY INPUT'!B43 -> 44000 | E30: ='MONTHLY INPUT'!C43 -> 46500 | F30: ='MONTHLY INPUT'!D43 -> 52000 | G30: ='MONTHLY INPUT'!E43 -> 49500 | H30: ='MONTHLY INPUT'!F43 -> 53500 | I30: ='MONTHLY INPUT'!G43 -> 51000 | J30: ='MONTHLY INPUT'!H43 -> 47000 | K30: ='MONTHLY INPUT'!I43 -> 48500 | ... O30: ='MONTHLY INPUT'!M43 -> 61500 | P30: =IFERROR(INDEX($D30:$O30,$B$4),"") -> 61500 | Q30: =IF($B$4<=1,"",IFERROR(INDEX($D30:$O30,$B$4-1),"")) -> 57000 | R30: =IFERROR($P30-$Q30,"") -> 4500 | S30: =IFERROR(AVERAGE($D30:$O30),"") -> 52416.667 | T30: =IF($B30="","",IF($P30="","",IF(OR(AND($C30="Higher",$P30>=$B30),AND($C30="Lower",$P30<=$B30)),"On target","Off target")))
A31: Accounts Receivable as % of Monthly Revenue | C31: Lower | D31: =IFERROR('MONTHLY INPUT'!B43/'MONTHLY INPUT'!B9,"") -> 0.27160494 | E31: =IFERROR('MONTHLY INPUT'!C43/'MONTHLY INPUT'!C9,"") -> 0.27678571 | F31: =IFERROR('MONTHLY INPUT'!D43/'MONTHLY INPUT'!D9,"") -> 0.28729282 | G31: =IFERROR('MONTHLY INPUT'!E43/'MONTHLY INPUT'!E9,"") -> 0.28125 | H31: =IFERROR('MONTHLY INPUT'!F43/'MONTHLY INPUT'!F9,"") -> 0.28918919 | I31: =IFERROR('MONTHLY INPUT'!G43/'MONTHLY INPUT'!G9,"") -> 0.2849162 | J31: =IFERROR('MONTHLY INPUT'!H43/'MONTHLY INPUT'!H9,"") -> 0.29746835 | K31: =IFERROR('MONTHLY INPUT'!I43/'MONTHLY INPUT'!I9,"") -> 0.29216867 | ... O31: =IFERROR('MONTHLY INPUT'!M43/'MONTHLY INPUT'!M9,"") -> 0.3 | P31: =IFERROR(INDEX($D31:$O31,$B$4),"") -> 0.3 | Q31: =IF($B$4<=1,"",IFERROR(INDEX($D31:$O31,$B$4-1),"")) -> 0.30645161 | R31: =IFERROR($P31-$Q31,"") -> -0.0064516129 | S31: =IFERROR(AVERAGE($D31:$O31),"") -> 0.29123053 | T31: =IF($B31="","",IF($P31="","",IF(OR(AND($C31="Higher",$P31>=$B31),AND($C31="Lower",$P31<=$B31)),"On target","Off target")))
A32: Cash Balance | C32: Higher | D32: ='MONTHLY INPUT'!B44 -> 86000 | E32: ='MONTHLY INPUT'!C44 -> 92000 | F32: ='MONTHLY INPUT'!D44 -> 101000 | G32: ='MONTHLY INPUT'!E44 -> 108000 | H32: ='MONTHLY INPUT'!F44 -> 117000 | I32: ='MONTHLY INPUT'!G44 -> 124000 | J32: ='MONTHLY INPUT'!H44 -> 119000 | K32: ='MONTHLY INPUT'!I44 -> 126000 | ... O32: ='MONTHLY INPUT'!M44 -> 171000 | P32: =IFERROR(INDEX($D32:$O32,$B$4),"") -> 171000 | Q32: =IF($B$4<=1,"",IFERROR(INDEX($D32:$O32,$B$4-1),"")) -> 154000 | R32: =IFERROR($P32-$Q32,"") -> 17000 | S32: =IFERROR(AVERAGE($D32:$O32),"") -> 123083.33 | T32: =IF($B32="","",IF($P32="","",IF(OR(AND($C32="Higher",$P32>=$B32),AND($C32="Lower",$P32<=$B32)),"On target","Off target")))
A33: Approximate Months of Operating Expenses Covered by Cash | C33: Higher | D33: =IFERROR('MONTHLY INPUT'!B44/('MONTHLY INPUT'!B22+'MONTHLY INPUT'!B30+'MONTHLY INPUT'!B40),"") -> 0.65774379 | E33: =IFERROR('MONTHLY INPUT'!C44/('MONTHLY INPUT'!C22+'MONTHLY INPUT'!C30+'MONTHLY INPUT'!C40),"") -> 0.6881077 | F33: =IFERROR('MONTHLY INPUT'!D44/('MONTHLY INPUT'!D22+'MONTHLY INPUT'!D30+'MONTHLY INPUT'!D40),"") -> 0.72401434 | G33: =IFERROR('MONTHLY INPUT'!E44/('MONTHLY INPUT'!E22+'MONTHLY INPUT'!E30+'MONTHLY INPUT'!E40),"") -> 0.77558348 | H33: =IFERROR('MONTHLY INPUT'!F44/('MONTHLY INPUT'!F22+'MONTHLY INPUT'!F30+'MONTHLY INPUT'!F40),"") -> 0.78470825 | I33: =IFERROR('MONTHLY INPUT'!G44/('MONTHLY INPUT'!G22+'MONTHLY INPUT'!G30+'MONTHLY INPUT'!G40),"") -> 0.8680434 | J33: =IFERROR('MONTHLY INPUT'!H44/('MONTHLY INPUT'!H22+'MONTHLY INPUT'!H30+'MONTHLY INPUT'!H40),"") -> 0.89709763 | K33: =IFERROR('MONTHLY INPUT'!I44/('MONTHLY INPUT'!I22+'MONTHLY INPUT'!I30+'MONTHLY INPUT'!I40),"") -> 0.90909091 | ... O33: =IFERROR('MONTHLY INPUT'!M44/('MONTHLY INPUT'!M22+'MONTHLY INPUT'!M30+'MONTHLY INPUT'!M40),"") -> 1.0591514 | P33: =IFERROR(INDEX($D33:$O33,$B$4),"") -> 1.0591514 | Q33: =IF($B$4<=1,"",IFERROR(INDEX($D33:$O33,$B$4-1),"")) -> 1.0101673 | R33: =IFERROR($P33-$Q33,"") -> 0.048984172 | S33: =IFERROR(AVERAGE($D33:$O33),"") -> 0.84645774 | T33: =IF($B33="","",IF($P33="","",IF(OR(AND($C33="Higher",$P33>=$B33),AND($C33="Lower",$P33<=$B33)),"On target","Off target")))
A35: Blank cells mean there is no data for that month yet. Percentage changes are shown in percentage points. Targets are user-defined and are not industry benchmarks.

Sheet EXECUTIVE DASHBOARD
A1: VERTEX STRATEGIC FINANCE
A2: Dental Clinic Financial KPI Scorecard — Executive Dashboard
B4: ="Reporting month: "&'KPI SCORECARD'!$C$4&" | All figures calculated from the Monthly Input tab." -> Reporting month: Dec | All figures calculated from the Monthly Input tab.
B6: REVENUE | D6: REVENUE GROWTH | F6: OPERATING PROFIT | H6: OPERATING MARGIN | J6: PAYROLL % OF REVENUE | L6: CASH BALANCE
B7: ='KPI SCORECARD'!$P$9 -> 205000 | D7: ='KPI SCORECARD'!$P$10 -> 0.10215054 | F7: ='KPI SCORECARD'!$P$26 -> 43550 | H7: ='KPI SCORECARD'!$P$27 -> 0.21243902 | J7: ='KPI SCORECARD'!$P$17 -> 0.56756098 | L7: ='KPI SCORECARD'!$P$32 -> 171000
B8: =IF('KPI SCORECARD'!$R$9="","vs prior month: n/a","vs prior month: "&TEXT('KPI SCORECARD'!$R$9,"+$#,##0;-$#,##0")) -> vs prior month: +$19,000 | D8: =IF('KPI SCORECARD'!$R$10="","vs prior month: n/a","vs prior month: "&TEXT('KPI SCORECARD'!$R$10*100,"+0.0;-0.0")&" pts") -> vs prior month: +16.3 pts | F8: =IF('KPI SCORECARD'!$R$26="","vs prior month: n/a","vs prior month: "&TEXT('KPI SCORECARD'!$R$26,"+$#,##0;-$#,##0")) -> vs prior month: +$10,000 | H8: =IF('KPI SCORECARD'!$R$27="","vs prior month: n/a","vs prior month: "&TEXT('KPI SCORECARD'!$R$27*100,"+0.0;-0.0")&" pts") -> vs prior month: +3.2 pts | J8: =IF('KPI SCORECARD'!$R$17="","vs prior month: n/a","vs prior month: "&TEXT('KPI SCORECARD'!$R$17*100,"+0.0;-0.0")&" pts") -> vs prior month: -2.5 pts | L8: =IF('KPI SCORECARD'!$R$32="","vs prior month: n/a","vs prior month: "&TEXT('KPI SCORECARD'!$R$32,"+$#,##0;-$#,##0")) -> vs prior month: +$17,000
H38: FINANCIAL PULSE
H39: =IF(OR('KPI SCORECARD'!$P$9="",'KPI SCORECARD'!$Q$9=""),"• Add another month of data to compare with the prior month.",IF('KPI SCORECARD'!$P$9>'KPI SCORECARD'!$Q$9,"• Revenue increased compared with the prior month.",IF('KPI SCORECARD'!$P$9<'KPI SCORECARD'!$Q$9,"• Revenue decreased compared with the prior month.","• Revenue was unchanged from the prior month."))) -> • Revenue increased compared with the prior month.
H41: =IF(OR('KPI SCORECARD'!$P$17="",'KPI SCORECARD'!$Q$17=""),"• Add another month of data to compare with the prior month.",IF('KPI SCORECARD'!$P$17>'KPI SCORECARD'!$Q$17,"• Payroll costs increased faster than revenue.",IF('KPI SCORECARD'!$P$17<'KPI SCORECARD'!$Q$17,"• Payroll costs increased more slowly than revenue.","• Payroll as a share of revenue was unchanged."))) -> • Payroll costs increased more slowly than revenue.
H43: =IF(OR('KPI SCORECARD'!$P$27="",'KPI SCORECARD'!$Q$27=""),"• Add another month of data to compare with the prior month.",IF('KPI SCORECARD'!$P$27>'KPI SCORECARD'!$Q$27,"• Operating margin improved this month.",IF('KPI SCORECARD'!$P$27<'KPI SCORECARD'!$Q$27,"• Operating margin declined this month.","• Operating margin was unchanged this month."))) -> • Operating margin improved this month.
H45: =IF(OR('KPI SCORECARD'!$P$31="",'KPI SCORECARD'!$Q$31=""),"• Add another month of data to compare with the prior month.",IF('KPI SCORECARD'!$P$31>'KPI SCORECARD'!$Q$31,"• Accounts receivable increased relative to monthly revenue.",IF('KPI SCORECARD'!$P$31<'KPI SCORECARD'!$Q$31,"• Accounts receivable decreased relative to monthly revenue.","• Accounts receivable held steady relative to revenue."))) -> • Accounts receivable decreased relative to monthly revenue.
H47: =IF(OR('KPI SCORECARD'!$P$32="",'KPI SCORECARD'!$Q$32=""),"• Add another month of data to compare with the prior month.",IF('KPI SCORECARD'!$P$32>'KPI SCORECARD'!$Q$32,"• Cash reserves improved compared with the prior month.",IF('KPI SCORECARD'!$P$32<'KPI SCORECARD'!$Q$32,"• Cash reserves declined compared with the prior month.","• Cash reserves were unchanged from the prior month."))) -> • Cash reserves improved compared with the prior month.
H49: These observations are generated from the figures you entered. They describe what the numbers did; they are not accounting, tax or financial advice.
B53: Vertex Strategic Finance | CPA-Led Accounting & Advisory for Owner-Led Businesses | www.vertexstrategicfinance.ca
